SAA
LONG ISLAND SEAWOLVES @ WESTWOOD SIXSHOOTERS
07/02/2030
 
TOP OF THE 1ST
Long Island Seawolves batting - Pitching for Westwood Sixshooters : RHP Ray Mangas
Pitching: RHP Ray Mangas
Batting: SHB Josh Sanders 0-0: Ball
1-0: Fly out, F9 (Flyball, 89M)
Batting: RHB Abad Lugo 0-0: Ball
1-0: Ball
2-0: Ball
3-0: Called Strike
3-1: SINGLE (Flyball, 78S)
Batting: LHB Jackson Curry 0-0: Ball
Abad Lugo steals 2nd base
1-0: Ground out 4-3 (Groundball, 4S)
Abad Lugo to third
Batting: LHB Pedro Colón 0-0: Ball
1-0: Ball
2-0: Ball
3-0: Called Strike
3-1: Base on Balls
Batting: RHB Rob McGinnity 0-0: Ball
1-0: SINGLE (Groundball, 56D)
Abad Lugo scores
Pedro Colón to second
Batting: LHB Wilson López 0-0: Swinging Strike
0-1: Ball
1-1: Ball
2-1: Foul Ball, location: 2F
2-2: Strikes out swinging
Top of the 1st over - 1 run, 2 hits, 0 errors, 2 left on base; Long Island 1 - Westwood 0
BOTTOM OF THE 1ST
Westwood Sixshooters batting - Pitching for Long Island Seawolves : RHP Winston Wenham
Pitching: RHP Winston Wenham
Batting: LHB Mitchell Cusimano 0-0: Ball
1-0: Ball
2-0: Called Strike
2-1: SINGLE (Groundball, 3D)
Batting: LHB Phil Minor 0-0: Ball
1-0: Ball
2-0: Called Strike
2-1: Foul Ball, location: 2F
2-2: Strikes out looking
Batting: RHB Richard Cutshall 0-0: Ball
1-0: Ball
2-0: Ball
Mitchell Cusimano is caught stealing 2nd base
3-0: Called Strike
3-1: Ground out 5-3 (Groundball, 5L)
Bottom of the 1st over - 0 runs, 1 hit, 0 errors, 0 left on base; Long Island 1 - Westwood 0
TOP OF THE 2ND
Long Island Seawolves batting - Pitching for Westwood Sixshooters : RHP Ray Mangas
Batting: RHB DeAndre Thomas 0-0: Ball
1-0: Ball
2-0: Ball
3-0: Called Strike
3-1: Called Strike
3-2: Foul Ball, location: 2F
3-2: Strikes out swinging
Batting: RHB Ricardo Pulido 0-0: Swinging Strike
0-1: Ball
1-1: Fly out, F8 (Flyball, 8LM)
Batting: RHB Armando Rey 0-0: Ball
1-0: Ball
2-0: Ball
3-0: Base on Balls
Batting: SHB Josh Sanders 0-0: Ball
1-0: Ball
2-0: Ball
3-0: Called Strike
3-1: Called Strike
Balk!
Armando Rey to second
3-2: Strikes out looking
Top of the 2nd over - 0 runs, 0 hits, 0 errors, 1 left on base; Long Island 1 - Westwood 0
BOTTOM OF THE 2ND
Westwood Sixshooters batting - Pitching for Long Island Seawolves : RHP Winston Wenham
Batting: RHB Jesús Ruano 0-0: Called Strike
0-1: Ball
1-1: SINGLE (Groundball, 6MD)
Batting: SHB Arsenio Sameiro 0-0: Fly out, F8 (Line Drive, 8RD)
Batting: RHB Steve Bock 0-0: Ball
1-0: Called Strike
1-1: Ball
2-1: Ball
3-1: Base on Balls
Jesús Ruano to second
Batting: LHB José Vázquez 0-0: Ball
1-0: Fly out, F9 (Line Drive, 9LD)
Runner from 2nd tags up, SAFE at 3rd, no throw
Batting: SHB Jesús Rodríguez 0-0: Ball
1-0: Ball
2-0: Called Strike
2-1: Fly out, F9 (Flyball, 9S)
Bottom of the 2nd over - 0 runs, 1 hit, 0 errors, 2 left on base; Long Island 1 - Westwood 0
TOP OF THE 3RD
Long Island Seawolves batting - Pitching for Westwood Sixshooters : RHP Ray Mangas
Batting: RHB Abad Lugo 0-0: Foul Ball, location: 2F
0-1: Fly out, F8 (Flyball, 8LS)
Batting: LHB Jackson Curry 0-0: Swinging Strike
0-1: Ball
1-1: Fly out, F4 (Popup, 4)
Batting: LHB Pedro Colón 0-0: Ball
1-0: Ball
2-0: Foul Ball, location: 2F
2-1: Ball
3-1: Foul Ball, location: 2F
3-2: Foul Ball, location: 2F
3-2: Base on Balls
Batting: RHB Rob McGinnity 0-0: Called Strike
0-1: Ball
1-1: Ball
2-1: Ball
3-1: Ground out 4-3 (Groundball, 4)
Top of the 3rd over - 0 runs, 0 hits, 0 errors, 1 left on base; Long Island 1 - Westwood 0
BOTTOM OF THE 3RD
Westwood Sixshooters batting - Pitching for Long Island Seawolves : RHP Winston Wenham
Batting: RHB Alberto Lastaneda 0-0: Ball
1-0: Foul Ball, location: 2F
1-1: Ground out 4-3 (Groundball, 34)
Batting: LHB Mitchell Cusimano 0-0: Called Strike
0-1: Ball
1-1: Called Strike
1-2: Ball
2-2: Ground out 6-3 (Groundball, 56)
Batting: LHB Phil Minor 0-0: Fly out, F9 (Flyball, 9D)
Bottom of the 3rd over - 0 runs, 0 hits, 0 errors, 0 left on base; Long Island 1 - Westwood 0
TOP OF THE 4TH
Long Island Seawolves batting - Pitching for Westwood Sixshooters : RHP Ray Mangas
Batting: LHB Wilson López 0-0: Called Strike
0-1: Ball
1-1: Ball
2-1: Ball
3-1: Base on Balls
Batting: RHB DeAndre Thomas 0-0: Called Strike
0-1: Ball
1-1: Swinging Strike
1-2: Foul Ball, location: 2F
1-2: Ball
Wild Pitch!
Wilson López to second
2-2: DOUBLE (Flyball, 78D)
Wilson López scores
Batting: RHB Ricardo Pulido 0-0: Ball
1-0: Ball
2-0: Ball
3-0: Base on Balls
Batting: RHB Armando Rey 0-0: Called Strike
0-1: Ball
1-1: Ball
2-1: Fly out, F9 (Line Drive, 9D)
Runner from 2nd tags up, SAFE at 3rd with throw
Batting: SHB Josh Sanders 0-0: Ball
1-0: Ball
2-0: Foul Ball, location: 2F
2-1: Called Strike
2-2: Fielders Choice at 2nd, 5-4 (Groundball, 5)
DeAndre Thomas scores
Pitching: RHP Tye Collyer
Batting: RHB Abad Lugo 0-0: Ball
Josh Sanders is caught stealing 2nd base
Top of the 4th over - 2 runs, 1 hit, 0 errors, 0 left on base; Long Island 3 - Westwood 0
BOTTOM OF THE 4TH
Westwood Sixshooters batting - Pitching for Long Island Seawolves : RHP Winston Wenham
Batting: RHB Richard Cutshall 0-0: Ball
1-0: Ball
2-0: DOUBLE (Line Drive, 8RD)
Batting: RHB Jesús Ruano 0-0: Ball
1-0: Ball
2-0: SINGLE (Line Drive, 34D)
Richard Cutshall to third
Runner from 3rd tries for Home, SAFE, no throw
Batting: SHB Arsenio Sameiro 0-0: Ball
1-0: Swinging Strike
1-1: Grounds into double play, 4-6-3 (Groundball, 4)
Batting: RHB Steve Bock 0-0: Fly out, F4 (Line Drive, 4M)
Bottom of the 4th over - 1 run, 2 hits, 0 errors, 0 left on base; Long Island 3 - Westwood 1
TOP OF THE 5TH
Long Island Seawolves batting - Pitching for Westwood Sixshooters : RHP Tye Collyer
Batting: RHB Abad Lugo 0-0: Ground out 5-3 (Groundball, 56)
Batting: LHB Jackson Curry 0-0: SINGLE (Groundball, 15S) (infield hit)
Batting: LHB Pedro Colón 0-0: Foul Ball, location: 2F
0-1: Ball
1-1: Called Strike
1-2: Foul Ball, location: 2F
1-2: Ball
2-2: Foul Ball, location: 2F
2-2: Ball
3-2: Ground out 4-3 (Groundball, 34)
Jackson Curry to second
Batting: RHB Rob McGinnity 0-0: Foul Ball, location: 2F
0-1: Called Strike
0-2: Strikes out swinging
Top of the 5th over - 0 runs, 1 hit, 0 errors, 1 left on base; Long Island 3 - Westwood 1
BOTTOM OF THE 5TH
Westwood Sixshooters batting - Pitching for Long Island Seawolves : RHP Winston Wenham
Batting: LHB José Vázquez 0-0: Called Strike
0-1: Swinging Strike
0-2: Ground out 6-3 (Groundball, 6M)
Batting: SHB Jesús Rodríguez 0-0: Foul Ball, location: 2F
0-1: Foul Ball, location: 2F
0-2: Ball
1-2: Ground out 4-3 (Groundball, 4)
Batting: RHB Alberto Lastaneda 0-0: Ball
1-0: Called Strike
1-1: SINGLE (Groundball, 6MD)
Batting: LHB Mitchell Cusimano 0-0: Ball
1-0: Fly out, F3 (Line Drive, 3)
Bottom of the 5th over - 0 runs, 1 hit, 0 errors, 1 left on base; Long Island 3 - Westwood 1
TOP OF THE 6TH
Long Island Seawolves batting - Pitching for Westwood Sixshooters : RHP Tye Collyer
Batting: LHB Wilson López 0-0: Ground out U3 (Groundball, 3)
Batting: RHB DeAndre Thomas 0-0: Foul Ball, location: 2F
0-1: DOUBLE (Line Drive, 78D)
Batting: RHB Ricardo Pulido 0-0: Ball
1-0: Ball
2-0: Called Strike
2-1: Ball
3-1: Swinging Strike
3-2: Base on Balls
Batting: RHB Armando Rey 0-0: Ball
1-0: SINGLE (Line Drive, 89S)
DeAndre Thomas to third
Ricardo Pulido to second
Batting: SHB Josh Sanders Balk!
DeAndre Thomas scores
Ricardo Pulido to third
Armando Rey to second
0-0: Ball
1-0: Called Strike
1-1: Ball
2-1: Foul Ball, location: 2F
2-2: Ground out 4-3 (Groundball, 4)
Batting: RHB Abad Lugo 0-0: SINGLE (Flyball, 7LM)
Ricardo Pulido scores
Armando Rey to third
Runner from 3rd tries for Home, SAFE, throw made home
Batting: LHB Jackson Curry 0-0: Ball
1-0: Ball
Wild Pitch!
Abad Lugo to second
2-0: Foul Ball, location: 2F
2-1: Called Strike
2-2: Foul Ball, location: 2F
2-2: Ball
3-2: Fly out, F4 (Line Drive, 34)
Top of the 6th over - 3 runs, 3 hits, 0 errors, 1 left on base; Long Island 6 - Westwood 1
BOTTOM OF THE 6TH
Westwood Sixshooters batting - Pitching for Long Island Seawolves : RHP Winston Wenham
Batting: LHB Phil Minor 0-0: Called Strike
0-1: Called Strike
0-2: Foul Ball, location: 2F
0-2: Ground out U3 (Groundball, 3L)
Batting: RHB Richard Cutshall 0-0: Called Strike
0-1: Foul Ball, location: 2F
0-2: Strikes out swinging
Batting: RHB Jesús Ruano 0-0: Ball
1-0: Ball
2-0: Called Strike
2-1: SINGLE (Line Drive, 4M)
Batting: SHB Arsenio Sameiro 0-0: Ball
1-0: Called Strike
1-1: SINGLE (Flyball, 9S)
Jesús Ruano to second
Runner from 2nd tries for 3rd, SAFE, no throw
Batting: RHB Steve Bock 0-0: Called Strike
0-1: Ball
1-1: SINGLE (Line Drive, 6MD)
Jesús Ruano scores
Arsenio Sameiro to second
Batting: LHB José Vázquez 0-0: Ball
1-0: Reached on error, E6 (Groundball, 6)
Arsenio Sameiro to third
Steve Bock to second
Batting: SHB Jesús Rodríguez 0-0: Ball
1-0: Ball
2-0: Ball
3-0: Called Strike
3-1: Called Strike
3-2: Fly out, F5 (Popup, 25F)
Bottom of the 6th over - 1 run, 3 hits, 1 error, 3 left on base; Long Island 6 - Westwood 2
TOP OF THE 7TH
Long Island Seawolves batting - Pitching for Westwood Sixshooters : RHP Tye Collyer
Pitching: RHP Raúl Colón
Batting: LHB Pedro Colón 0-0: Called Strike
0-1: Swinging Strike
0-2: Ball
1-2: Ball
2-2: Ball
3-2: Ground out U3 (Groundball, 3L)
Batting: RHB Rob McGinnity 0-0: Ball
1-0: Ball
2-0: DOUBLE (Line Drive, 7D)
Batting: LHB Wilson López 0-0: Ball
1-0: Called Strike
1-1: SINGLE (Groundball, 34S) (infield hit)
Rob McGinnity to third
Batting: RHB DeAndre Thomas 0-0: Ball
1-0: Ball
Wilson López steals 2nd base
2-0: Ball
3-0: Base on Balls
Batting: RHB Ricardo Pulido 0-0: Grounds into fielders choice 4-2 (Groundball, 4)
Wilson López to third
DeAndre Thomas to second
Batting: RHB Armando Rey 0-0: Ball
1-0: SINGLE (Flyball, 6D)
Wilson López scores
DeAndre Thomas to third
Ricardo Pulido to second
Runner from 3rd tries for Home, SAFE, throw made at trailing runner, OUT at third!
Top of the 7th over - 2 runs, 3 hits, 0 errors, 1 left on base; Long Island 8 - Westwood 2
BOTTOM OF THE 7TH
Westwood Sixshooters batting - Pitching for Long Island Seawolves : RHP Winston Wenham
Batting: RHB Alberto Lastaneda 0-0: Ball
1-0: Ground out 5-3 (Groundball, 56)
Batting: LHB Mitchell Cusimano 0-0: Ball
1-0: Ground out 5-3 (Groundball, 56)
Batting: LHB Phil Minor 0-0: Called Strike
0-1: Ball
1-1: Swinging Strike
1-2: SINGLE (Line Drive, 6MD)
Batting: RHB Richard Cutshall 0-0: Ball
Phil Minor is caught stealing 2nd base
Bottom of the 7th over - 0 runs, 1 hit, 0 errors, 0 left on base; Long Island 8 - Westwood 2
TOP OF THE 8TH
Long Island Seawolves batting - Pitching for Westwood Sixshooters : RHP Raúl Colón
Batting: SHB Josh Sanders 0-0: Ball
1-0: Ball
2-0: Ball
3-0: Base on Balls
Batting: RHB Abad Lugo 0-0: SINGLE (Groundball, 6MD)
Josh Sanders to second
Batting: LHB Jackson Curry 0-0: Ball
1-0: Swinging Strike
1-1: Fly out, F8 (Flyball, 8RS)
Batting: LHB Pedro Colón 0-0: Called Strike
Josh Sanders steals 3rd base
0-1: Ball
1-1: Ball
2-1: Ground out 4-3 (Groundball, 34)
Josh Sanders scores
Abad Lugo to second
Batting: RHB Rob McGinnity 0-0: Ball
1-0: Foul Ball, location: 2F
1-1: Ball
2-1: Fly out, F4 (Line Drive, 4)
Top of the 8th over - 1 run, 1 hit, 0 errors, 1 left on base; Long Island 9 - Westwood 2
BOTTOM OF THE 8TH
Westwood Sixshooters batting - Pitching for Long Island Seawolves : RHP Winston Wenham
Now in LF: Dale Quick
Batting: RHB Richard Cutshall 0-0: Ball
1-0: Fly out, F3 (Line Drive, 34)
Batting: RHB Jesús Ruano 0-0: Ball
1-0: SINGLE (Groundball, 6D)
Batting: SHB Arsenio Sameiro 0-0: Called Strike
0-1: Ball
1-1: Ball
2-1: Fly out, F8 (Flyball, 8RS)
Batting: RHB Steve Bock 0-0: Ball
1-0: Ball
2-0: Fielders Choice at 2nd, U6 (Groundball, 6M)
Bottom of the 8th over - 0 runs, 1 hit, 0 errors, 1 left on base; Long Island 9 - Westwood 2
TOP OF THE 9TH
Long Island Seawolves batting - Pitching for Westwood Sixshooters : RHP Raúl Colón
Batting: LHB Wilson López 0-0: SINGLE (Groundball, 4D)
Batting: RHB DeAndre Thomas 0-0: Called Strike
0-1: Swinging Strike
0-2: Foul Ball, location: 2F
0-2: Ball
1-2: Strikes out swinging
Batting: RHB Ricardo Pulido 0-0: Called Strike
0-1: Ball
1-1: SINGLE (Groundball, 56D)
Wilson López to second
Batting: RHB Armando Rey 0-0: Ball
1-0: Fly out, F9 (Flyball, 89D)
Runner from 2nd tags up, SAFE at 3rd, no throw
Batting: SHB Josh Sanders 0-0: Ball
1-0: Called Strike
1-1: Ball
2-1: Ball
3-1: Base on Balls
Ricardo Pulido to second
Batting: RHB Abad Lugo 0-0: Fielders Choice at 2nd, 6-4 (Groundball, 6)
Top of the 9th over - 0 runs, 2 hits, 0 errors, 3 left on base; Long Island 9 - Westwood 2
BOTTOM OF THE 9TH
Westwood Sixshooters batting - Pitching for Long Island Seawolves : RHP Winston Wenham
Batting: LHB José Vázquez 0-0: Called Strike
0-1: Ball
1-1: Foul Ball, location: 2F
1-2: Ball
2-2: Strikes out swinging
Pitching: RHP Miguel Ramírez
Batting: SHB Jesús Rodríguez 0-0: Foul Ball, location: 2F
0-1: Ball
1-1: Ball
2-1: Ball
3-1: Foul Ball, location: 2F
3-2: Base on Balls
Batting: RHB Alberto Lastaneda 0-0: Called Strike
0-1: Ball
1-1: Foul Ball, location: 2F
1-2: Fly out, F8 (Flyball, 8RS)
Batting: LHB Mitchell Cusimano 0-0: Foul Ball, location: 2F
0-1: Ball
1-1: Fielders Choice at 2nd, 6-4 (Groundball, 6)
Bottom of the 9th over - 0 runs, 0 hits, 0 errors, 1 left on base; Long Island 9 - Westwood 2
Sunday, March 18th, 2018 - OOTP Baseball 18.8 Build 76